 Dungeon Crawl Stone Soup version 0.29.1-15-g9cfb28693d (webtiles) character file.

Game seed: 10967891345938568521

7 McKennaii the Digger (level 1, -1/14 HPs)
             Began as a Demigod Earth Elementalist on Feb 25, 2023.
             Slain by a giant cockroach (2 damage)
             ... on level 1 of the Dungeon.
             The game lasted 00:00:21 (503 turns).

McKennaii the Digger (Demigod Earth Elementalist)    Turns: 503, Time: 00:00:21

Health: -1/14      AC:  2    Str:  9    XL:     1   Next: 73%
Magic:  3/5        EV: 12    Int: 17    God:
Gold:   22         SH:  0    Dex: 14    Spells: 3/4 levels left

rFire   . . .      SeeInvis .   (no weapon)
rCold   . . .      Faith    .   (no shield)
rNeg    . . .      Spirit   .   a - +0 robe
rPois   .          Reflect  .   (no helmet)
rElec   .          Harm     .   (no cloak)
rCorr   .          Rampage  .   (no gloves)
Will    .....                   (no boots)
Stlth   ++........              (no amulet)
HPRegen 0.04/turn               (no ring)
MPRegen 0.09/turn               (no ring)

@: no status effects
A: high MP 1, forlorn, divine attributes
a: no special abilities


You were on level 1 of the Dungeon.
You visited 1 branch of the dungeon, and saw 1 of its levels.

You collected 22 gold pieces.

Inventory:

Armour
 a - a +0 robe (worn)
Scrolls
 d - a scroll of poison {unknown}
Potions
 b - a potion of magic
 c - a potion of might {unknown}
 e - 2 potions of attraction {unknown}
 f - a potion of mutation {unknown}


   Skills:
 - Level 1.7 Dodging
 - Level 1.7 Stealth
 + Level 2.1 Spellcasting
 - Level 0.8 Transmutations
 + Level 3.0 Earth Magic


You had 3 spell levels left.
You knew the following spells:

 Your Spells              Type           Power      Damage    Failure   Level
a - Sandblast             Erth           22%        2d7       5%          1

Your spell library contained the following spells:

 Spells                   Type           Power      Damage    Failure   Level
 Passwall                 Tmut/Erth      6%         N/A       13%         2
 Stone Arrow              Conj/Erth      12%        3d7       30%         3
 Confusing Touch          Hex            1%         N/A       50%         3
 Petrify                  Tmut/Erth      8%         N/A       65%         4
 Yara's Violent Unravell  Hex/Tmut       1%         3d3       99%         5
 Enfeeble                 Hex            0%         N/A       100%        7


Dungeon Overview and Level Annotations

Branches:
Dungeon (1/15)


Innate Abilities, Weirdness & Mutations

You have an increased reservoir of magic. (+10% MP)
You shall have no god before yourself.
Your divine heritage dramatically boosts your attributes as you level up.


Message History

The bat attacks as you move away! The bat hits you but does no damage.
The bat barely misses you. The bat closely misses you.
The bat hits you but does no damage. The bat barely misses you.
The bat barely misses you. The bat hits you. The bat misses you.
The bat attacks as you move away! The bat hits you but does no damage.
The bat misses you. The bat barely misses you.
The bat attacks as you move away! The bat barely misses you.
The bat closely misses you. The bat barely misses you.
The bat attacks as you move away! The bat hits you. The bat closely misses you.
The bat misses you. The bat closely misses you. The bat closely misses you.
The bat misses you. The bat attacks as you move away!
The bat barely misses you. The bat hits you.
* * * LOW HITPOINT WARNING * * *
The bat closely misses you. The bat closely misses you.
The bat attacks as you move away! The bat completely misses you.
The bat hits you but does no damage. The bat attacks as you move away!
The bat barely misses you. The bat misses you. x2
The bat hits you but does no damage. The bat attacks as you move away!
The bat closely misses you. x2
The bat barely misses you. The bat hits you.
* * * LOW HITPOINT WARNING * * *
The giant cockroach attacks as you move away!
The giant cockroach completely misses you.
The giant cockroach attacks as you move away!
The giant cockroach bites you.
* * * LOW HITPOINT WARNING * * *
The giant cockroach attacks as you move away!
The giant cockroach bites you.
* * * LOW HITPOINT WARNING * * *
The giant cockroach attacks as you move away!
The giant cockroach misses you. The giant cockroach bites you.
You die...

#♣...............### #..
#...♣......... #.#
#♣........#∩#. ###.#
#♣.......#.##### ###...#
##.....####...###...###
##∩####....#.....#####
####.#.....>............
........##.#############
#######@##.#.....#
#######B##.#.###.#######
#.J...b.##.#.# #........
#.########.#.###########
#.# #.#.........[.# #.#
#.###########.# #.# #.#
#.# ##########J# #.# #.#
...g.J.B...#
#.###########.#


You could see a giant cockroach and a bat.

Vanquished Creatures
  A bat (D:1)
  An endoplasm (D:1)
  A hobgoblin (D:1)
  2 quokkas (D:1)
  A ball python (D:1)
6 creatures vanquished.

Notes
Turn   | Place    | Note
-------+----------+-------------------------------------------
     0 | D:1      | McKennaii the Demigod Earth Elementalist began the quest
                  | for the Orb.
     0 | D:1      | Reached XP level 1. HP: 14/14 MP: 5/5
   464 | D:1      | Reached skill level 3 in Earth Magic
   503 | D:1      | Slain by a giant cockroach

Illustrated notes

Levels and vault maps discovered:
D:1:      nzn_arrival_settlement, layout_basic

Skill      XL: |  1 |
---------------+----+-----
Spellcasting   | 2 |  2.1
Earth Magic    | 3 |  3.0
Dodging        | |  1.7
Stealth        | |  1.7
Transmutations | |  0.8

Action                   || total
-------------------------++-------
Melee: Unarmed           ||     2
 Cast: Sandblast         ||     9
Armor: Robe              ||    17
Dodge: Dodged            ||    53
